 Dungeon Crawl Stone Soup version 0.29.1-1-gd02db6906a (webtiles) character file.

Game seed: 10753664478872913635

423237 Colgate the Slayer (level 23, -13/213 HPs)
             Began as a Barachi Ice Elementalist on Oct 10, 2022.
             Was the Champion of Cheibriados.
             Killed from afar by Vv (74 damage)
             ... by creeping frost
             ... on level 3 of the Depths on Oct 11, 2022.
             The game lasted 04:39:17 (87177 turns).

Colgate the Slayer (Barachi Ice Elementalist)      Turns: 87177, Time: 04:39:18

Health: -13/213    AC: 13    Str: 25    XL:     23   Next: 75%
Magic:  16/37      EV: 31    Int: 30    God:    Cheibriados [******]
Gold:   871        SH:  0    Dex: 38    Spells: 2/42 levels left

rFire   + + .      SeeInvis .   a - +9 arbalest (flame)
rCold   x x .      Faith    .   (shield currently unavailable)
rNeg    . . .      Spirit   .   p - +0 robe of Misanthropy {Harm Dex+2}
rPois   .          Reflect  .   Z - +1 hat {Will+}
rElec   .          Harm     +   q - +2 cloak of Nimp {Regen+}
rCorr   .          Rampage  .   v - +2 pair of gloves
Will    ++++.      Rage     50% J - +2 pair of boots {Fly}
Stlth   ++++......              i - necklace of Bloodlust {*Rage Will++ Int-3 Slay+6}
HPRegen 1.25/turn               h - ring of fire
MPRegen 0.25/turn               z - ring of fire

@: unable to hop, flying, very slightly contaminated, very slow
A: amphibious, slowness 1, strong legs 2, +LOS
}: 2/15 runes: barnacled, gossamer
a: Hop, Renounce Religion, Bend Time, Temporal Distortion, Slouch, Step From
Time


You were on level 3 of the Depths.
You worshipped Cheibriados.
Cheibriados was exalted by your worship.
You visited 9 branches of the dungeon, and saw 41 of its levels.
You visited 1 bazaar.
You also visited: Ice Cave.

You collected 6606 gold pieces.
You spent 5735 gold pieces at shops.

Inventory:

Hand Weapons
 a - a +9 arbalest of flaming (weapon)
 S - the +2 quarterstaff of the Modern Mystics {flame, *Slow Int+5}
   (You found it on level 1 of the Depths)

   It burns those it strikes, dealing additional fire damage.
   Int:       It affects your intelligence (+5).
   *Slow:     It may slow you when you take damage.
Missiles
 B - 2 throwing nets {!f}
 Y - 18 curare-tipped darts
Armour
 p - the +0 robe of Misanthropy (worn) {Harm Dex+2}
   (You found it on level 2 of the Lair of Beasts)

   Dex:       It affects your dexterity (+2).
   Harm:      It increases damage dealt and taken.
 q - the +2 cloak of Nimp (worn) {Regen+}
   (You found it on level 3 of the Elven Halls)

   Regen:     It increases your rate of health regeneration.
 v - a +2 pair of gloves (worn)
 J - a +2 pair of boots of flying (worn)
 Z - a +1 hat of willpower (worn)
Jewellery
 b - the ring of Ryepp {Fly rElec rC+ SInv}
   (You bought it in a shop in a bazaar)

   [ring of protection from cold]

   rC:        It protects you from cold.
   rElec:     It insulates you from electricity.
   SInv:      It lets you see invisible.
   Fly:       It grants you flight.
 d - a ring of resist corrosion
 f - a ring of poison resistance
 g - the ring of Serraci {Dex+6 Slay+5}
   (You bought it in a shop in a bazaar)

   [ring of dexterity]

   Dex:       It affects your dexterity (+6).
   Slay:      It affects your accuracy & damage with ranged weapons and melee
   (+5).
 h - a ring of fire (left hand)
 i - the necklace of Bloodlust (around neck) {*Rage Will++ Int-3 Slay+6}
   (You bought it in a shop in a bazaar)

   [amulet of nothing]

   It extends the wearer's berserk rage when killing foes.
   Int:       It affects your intelligence (-3).
   Slay:      It affects your accuracy & damage with ranged weapons and melee
   (+6).
   *Rage:     It berserks you when you make melee attacks (+50% chance).
   Will:      It greatly increases your willpower.
 z - a ring of fire (right hand)
 C - a ring of positive energy
 L - a ring of protection from cold
 R - the ring of Shadows {Umbra +Inv Stlth+}
   (You took it off a deep elf sorcerer on level 3 of the Elven Halls)

   [ring of stealth]

   It surrounds you with an aura of shadow, increasing your stealth and reducing
   the accuracy of all others within it.
   +Inv:      It lets you turn invisible.
   Stlth:     It makes you more stealthy.
 U - the ring of Cerphoin {+Blink EV+4 Int-2 Dex+5}
   (You took it off a deep elf sorcerer on level 3 of the Elven Halls)

   [ring of evasion]

   EV:        It affects your evasion (+4).
   Int:       It affects your intelligence (-2).
   Dex:       It affects your dexterity (+5).
   +Blink:    It lets you blink.
Wands
 r - a wand of iceblast (25) {@v2}
 s - a wand of mindburst (10)
 u - a wand of polymorph (20)
 I - a wand of flame (56)
 K - a wand of charming (56)
 N - a wand of digging (18) {@v3}
 W - a wand of light (32) {@v1}
Scrolls
 j - 16 scrolls of fear
 k - 18 scrolls of teleportation {@r3}
 l - 11 scrolls of blinking {@r4}
 t - 6 scrolls of amnesia
 w - a scroll of brand weapon
 x - 7 scrolls of magic mapping {@r5}
 A - 5 scrolls of poison
 D - 12 scrolls of butterflies
 E - 5 scrolls of silence
 F - 6 scrolls of vulnerability
 T - 6 scrolls of immolation
 V - 2 scrolls of summoning
Potions
 c - 2 potions of magic
 e - 15 potions of might {@q3}
 m - 24 potions of curing {@q1}
 n - 10 potions of mutation
 o - 4 potions of resistance {@q5}
 G - 10 potions of ambrosia
 H - 9 potions of brilliance
 M - 5 potions of heal wounds {@q2}
 P - 6 potions of lignification
 Q - 4 potions of berserk rage
 X - a potion of invisibility
Miscellaneous
 y - a lightning rod (4/4)
 O - a phantom mirror


   Skills:
 - Level 25.0 Fighting
 + Level 21.1 Ranged Weapons
 - Level 7.5 Armour
 - Level 13.2 Dodging
 - Level 4.0 Stealth
 - Level 10.0 Spellcasting
 - Level 7.0 Conjurations
 - Level 7.0 Hexes
 - Level 11.0 Translocations
 - Level 8.0 Transmutations
 - Level 8.0 Ice Magic
 - Level 8.0 Air Magic
 - Level 6.3 Poison Magic
 - Level 12.0 Invocations
 - Level 10.0 Evocations


You had 2 spell levels left.
You knew the following spells:

 Your Spells              Type           Power      Damage    Failure   Level
a - Freeze                Ice            100%       1d11      1%          1
b - Frozen Ramparts       Ice            100%       1d16      1%          3
c - Ozocubu's Armour      Ice            58%        N/A       1%          3
d - Dispersal             Tloc           34%        N/A       6%          6
e - Passwall              Tmut/Erth      32%        N/A       1%          2
f - Apportation           Tloc           100%       N/A       1%          1
g - Alistair's Intoxicat  Tmut/Pois      36%        N/A       4%          5
h - Yara's Violent Unrav  Hex/Tmut       28%        3d12      4%          5
i - Freezing Cloud        Conj/Ice/Air   28%        6-21      4%          5
j - Passage of Golubria   Tloc           69%        N/A       1%          4
k - Silence               Hex/Air        28%        N/A       4%          5

Your spell library contained the following spells:

 Spells                   Type           Power      Damage    Failure   Level
 Shock                    Conj/Air       100%       1d9       1%          1
 Sting                    Tmut/Pois      100%       1d8       1%          1
 Poisonous Vapours        Pois/Air       100%       N/A       1%          2
 Summon Small Mammal      Summ           60%        N/A       3%          1
 Confusing Touch          Hex            55%        N/A       1%          3
 Gell's Gravitas          Tloc           69%        N/A       1%          3
 Ignite Poison            Fire/Tmut/Pois 78%        N/A       1%          3
 Lesser Beckoning         Tloc           69%        N/A       1%          3
 Mephitic Cloud           Conj/Pois/Air  55%        N/A       1%          3
 Spider Form              Tmut/Pois      55%        N/A       1%          3
 Swiftness                Air            58%        N/A       1%          3
 Teleport Other           Tloc           69%        N/A       1%          3
 Airstrike                Air            29%        2d(5-21)  1%          4
 Hailstorm                Conj/Ice       56%        3d12      1%          4
 Conjure Flame            Conj/Fire      69%        6-21      2%          3
 Summon Guardian Golem    Hex/Summ       36%        N/A       2%          3
 Olgreb's Toxic Radiance  Pois           52%        N/A       2%          4
 Blade Hands              Tmut           29%        N/A       3%          5
 Corpse Rot               Necr/Pois/Air  43%        N/A       4%          4
 Lightning Bolt           Conj/Air       28%        1d44      4%          5
 Summon Ice Beast         Ice/Summ       39%        N/A       7%          4
 Summon Lightning Spire   Summ/Air       39%        N/A       7%          4
 Sticky Flame             Conj/Fire      69%        2d8       9%          4
 Summon Forest            Summ/Tloc      24%        N/A       10%         5
 Call Canine Familiar     Summ           15%        N/A       11%         3
 Summon Mana Viper        Hex/Summ       36%        N/A       22%         5
 Animate Armour           Summ/Erth      30%        N/A       34%         4
 Dispel Undead            Necr           15%        3d10      34%         4
 Ozocubu's Refrigeration  Ice            29%        4d13      73%         7
 Storm Form               Tmut/Air       29%        N/A       73%         7
 Iron Shot                Conj/Erth      18%        9d4       77%         6
 Starburst                Conj/Fire      34%        6d10      77%         6
 Enfeeble                 Hex            27%        N/A       86%         7
 Disjunction              Tloc           34%        N/A       94%         8
 Death Channel            Necr           7%         N/A       99%         6
 Summon Cactus Giant      Summ           7%         N/A       99%         6
 Monstrous Menagerie      Summ           7%         N/A       100%        7
 Infestation              Necr           7%         N/A       100%        8
 Lehudib's Crystal Spear  Conj/Erth      18%        10d5      100%        8
 Maxwell's Capacitive Co  Air            29%        ∞         100%        8
 Summon Horrible Things   Summ           7%         N/A       100%        8


Dungeon Overview and Level Annotations

Branches:
Dungeon (15/15)            Temple (1/1) D:6            Lair (5/5) D:8
 Shoals (4/4) Lair:2       Spider (4/4) Lair:2        Slime (0/5) Lair:5
    Orc (2/2) D:10            Elf (3/3) Orc:2        Vaults (4/5) D:14
  Crypt (0/3) Vaults:3     Depths (3/4) D:15          IceCv (visited)

Altars:
Ashenzari
Cheibriados
Dithmenos
Elyvilon
Fedhas
Gozag
Hepliaklqana
Kikubaaqudgha
Makhleb
Nemelex Xobeh
Okawaru
Qazlal
Ru
Sif Muna
Trog
Uskayaw
Vehumet
Wu Jian
Xom
Yredelemnul
Zin
The Shining One
Jiyva

Shops:
D:1 (   D:8 !   D:10 :   Orc:2 **(=   Elf:2 (?   Shoals:3 *   Vaults:2 !

Portals:
Hell: Depths:1 Depths:2
Abyss: Depths:1 Depths:3
Pandemonium: Depths:2

Annotations:
Depths:3 Vv


Innate Abilities, Weirdness & Mutations

You are amphibious.
You cover ground slowly.
You can hop long distances.
You have an extended range of vision and can be seen from far away.


Message History

* * * LOW HITPOINT WARNING * * *
You feel much better.
You are too injured to fight recklessly!
Casting: Dispersal (mildly dangerous; 6% risk of failure)
You miscast Dispersal.
You are very lightly contaminated with residual magic.
Nothing appears to happen.
Unknown command.
Unknown command.
You are too injured to fight recklessly!
Aiming: Bolt of Light
Aim: Vv (severely damaged, 70% to hit)
The bolt of light hits Vv.
Vv is blinded.
You are too injured to fight recklessly!
Casting: Dispersal (mildly dangerous; 6% risk of failure) Vv blinks!
Fire: a) +9 arbalest (flame)
Aim: Vv (severely damaged, blind, 80% to hit)
You shoot a bolt. The bolt hits Vv but does no damage.
Fire: a) +9 arbalest (flame)
Aim: Vv (severely damaged, blind, 80% to hit)
You shoot a bolt. The bolt closely misses Vv.
Vv is no longer blind.
Fire: a) +9 arbalest (flame)
Aim: Vv (severely damaged, 80% to hit)
You shoot a bolt. The bolt hits Vv!
The bolt burns Vv.
Aiming: Bolt of Light
Aim: Vv (severely damaged, 70% to hit)
The bolt of light misses Vv.
Vv calls gouts of flame from the lava!
The flame surge hits you!! You resist.
* * * LOW HITPOINT WARNING * * *
Hop to where?
Boing!
Aiming: Bolt of Light
Aim: Vv (severely damaged, 70% to hit)
The bolt of light misses Vv.
Vv calls freezing cold from the walls.
The frost grips you!!!
You feel a painful chill!
You die...

............+ #....9.
.##.<.[# #......#
.####### .. #......#
...+.. ...#......#+##
##..#...
...#......#...#........
..........#.....#.#.#.#
#.#.#.#...+............
..........####@.#.#.#..
#.#.#.#...!............
................#.#.#..
#.#.#.#................
..........9≈....#......
#.#.#.#...°.....#..##..
................# .# .
.##'.#..........##+##
#..##########.^...#


You could see Vv.

Vanquished Creatures
  A caustic shrike (Depths:2)
  Saint Roka (Vaults:3)
  A golden dragon (Depths:2)
  Nikola (Shoals:2)
  Arachne (Spider:4)
  Jorgrun (Spider:2)
  A tentacled monstrosity (Depths:2)
  4 liches
  2 quicksilver dragons
  3 deep elf master archers (Elf:3)
  A deep elf blademaster (Elf:3)
  A kraken (Shoals:3)
  4 sphinxes
  Gastronok (Orc:1)
  Agnes (Elf:1)
  A tengu reaver (Vaults:3)
  Donald (Vaults:3)
  5 frost giants
  6 deep elf sorcerers
  3 fire giants (Depths:1)
  2 orc warlords
  10 vault wardens
  An iron dragon (Depths:1)
  5 emperor scorpions
  Aizul (Elf:3)
  8 ghost moths
  Louise (Depths:3)
  5 deep elf elementalists (Elf:3)
  11 stone giants
  10 ironbound preservers
  2 broodmothers (Spider:2)
  A spriggan defender (Depths:1)
  9 ironbound thunderhulks
  15 very ugly things
  A vampire knight (D:11)
  4 deep elf demonologists
  3 minotaurs (Shoals:4)
  6 entropy weavers
  8 dire elephants
  8 spark wasps
  4 deep elf annihilators (Elf:3)
  5 deep elf death magi (Elf:3)
  Azrael (D:15)
  8 ettins
  3 merfolk javelineers
  Josephine (D:12)
  10 fire dragons
  The ghost of caveywoolpert the Severer, a journeyman HOBe of Trog (D:11)
  4 merfolk impalers
  13 yaktaur captains
  Fannar (D:12)
  4 rakshasas
  2 vault guards (Vaults:3)
  8 deep elf high priests (Elf:3)
  5 great orbs of eyes
  4 ice dragons
  The ghost of decrepitue the Zephyrmancer, a journeyman TeAE of Vehumet (D:10)
  2 spriggan air magi (Depths:2)
  7 hydras
  2 boulder beetles
  10 jorogumos
  A death knight (Vaults:3)
  19 centaur warriors
  3 ironbound frosthearts
  3 merfolk avatars
  2 radroaches
  8 two-headed ogres
  30 dancing weapons
  A merfolk aquamancer (Shoals:4)
  4 deep troll earth magi
  4 tengu warriors
  8 deep troll shamans
  12 satyrs
  An alligator snapping turtle (Shoals:1)
  3 death yaks (Lair:5)
  A vampire mage (Vaults:3)
  2 spriggan berserkers
  6 orc high priests (Orc:2)
  Urug (D:11)
  Sonja (D:12)
  2 hell knights
  11 deep elf knights
  A skeletal warrior (Vaults:3)
  2 sun moths (Spider:4)
  8 pharaoh ants
  An iron troll (Depths:2)
  10 sea snakes
  31 deep trolls
  A deep troll (shapeshifter) (D:14)
  5 glowing orange brains (Depths:1)
  8 orb spiders
  11 wizards
  A swamp dragon (shapeshifter) (Elf:2)
  5 steelbarb worms
  8 lindwurms
  10 orc knights
  27 deep elf pyromancers
  12 ironbound convokers
  3 deep elf archers
  18 deep elf zephyrmancers
  22 harpies
  6 cyclopes
  23 manticores
  5 necromancers
  5 oklob plants (Lair:5)
  2 moths of wrath
  25 fauns
  23 wolf spiders
  5 orc sorcerers
  A guardian serpent (shapeshifter) (Depths:1)
  A fire giant zombie (Vaults:2)
  34 ugly things
  9 elephants
  A frost giant skeleton (Vaults:2)
  12 merfolk sirens
  A stone giant skeleton (Vaults:3)
  17 vault sentinels
  4 black mambas
  5 torpor snails
  3 water nymphs
  17 cane toads
  A gargoyle (D:12)
  2 efreet
  6 demonic crawlers
  A kobold demonologist (Orc:1)
  11 komodo dragons
  29 yaktaurs
  A human zombie (Vaults:3)
  A rime drake (Lair:4)
  3 freezing wraiths
  A komodo dragon (shapeshifter) (D:15)
  An unseen horror (shapeshifter) (D:13)
  7 tengu conjurers
  21 merfolk
  2 queen bees
  2 polar bears (shapeshifter)
  A merfolk (shapeshifter) (Depths:1)
  A meliai (shapeshifter) (D:14)
  11 meliai
  6 trolls
  8 polar bears
  7 hornets
  3 wind drakes
  19 tarantellas
  4 blink frogs (Lair:3)
  A slime creature (shapeshifter) (Depths:2)
  A wolf spider simulacrum (D:14)
  12 snapping turtles
  2 dream sheep (Lair:5)
  45 slime creatures
  A stone giant simulacrum (Vaults:2)
  18 culicivoras
  2 yaks (shapeshifter)
  24 jumping spiders
  2 shadows
  11 water elementals
  A centaur simulacrum (D:11)
  5 vampires
  3 wyverns
  16 yaks
  2 spriggans (shapeshifter) (Elf:2)
  14 spriggans
  4 basilisks
  9 wraiths
  4 fire elementals
  3 steam dragons
  3 vampire mosquitoes
  A death yak simulacrum (IceCv)
  47 redbacks
  10 wargs
  A redback simulacrum (D:14)
  An acid dragon (D:9)
  12 water moccasins
  A hydra simulacrum (IceCv)
  A glowing shapeshifter zombie (Vaults:3)
  A hell hound (D:15)
  17 orc warriors
  5 black bears
  Duvessa (D:4)
  A glowing shapeshifter skeleton (Vaults:2)
  3 sky beasts
  2 ice beasts
  4 ogres
  32 wolves
  5 boggarts
  26 centaurs
  2 phantoms
  22 kobold brigands
  14 bullfrogs
  3 earth elementals
  5 scorpions
  9 wights
  Dowan (D:4)
  60 killer bees
  5 electric eels
  10 howler monkeys
  3 lava snakes (Lair:3)
  3 hounds (D:4)
  A jelly (D:6)
  A gnoll bouda (D:7)
  40 orc priests
  2 iguanas
  Terence (D:2)
  27 orc wizards
  A polar bear simulacrum (IceCv)
  2 wolf simulacra (IceCv)
  Robin (D:4)
  4 adders
  10 gnolls
  2 white imps
  An ufetubus (D:5)
  An adder zombie (D:2)
  3 worms
  3 dart slugs
  114 orcs
  11 ball pythons
  6 endoplasms
  4 giant cockroaches
  8 hobgoblins
  3 jackals (D:1)
  7 kobolds
  4 quokkas
  4 bats
  5 frilled lizards
  16 goblins
  5 rats
  2 plants
  4 tentacles (Shoals:3)
1686 creatures vanquished.

Vanquished Creatures (others)
  A gnoll (D:7)
  A bush (Shoals:3)
  41 fungi
  91 plants
  4 tentacles (Shoals:3)
138 creatures vanquished.

Grand Total: 1824 creatures vanquished

Notes
Turn   | Place    | Note
-------+----------+-------------------------------------------
     0 | D:1      | Colgate the Barachi Ice Elementalist began the quest for
                  | the Orb.
     0 | D:1      | Reached XP level 1. HP: 13/13 MP: 3/3
   199 | D:1      | Reached skill level 5 in Ice Magic
   358 | D:1      | Reached XP level 2. HP: 19/19 MP: 0/5
   862 | D:1      | Reached XP level 3. HP: 21/24 MP: 2/6
   866 | D:1      | Learned a level 3 spell: Frozen Ramparts
   979 | D:1      | Found Qoatoapa's Weapon Shop.
  1999 | D:2      | Noticed Terence
  2006 | D:2      | Killed Terence
  2007 | D:2      | Reached XP level 4. HP: 18/30 MP: 2/7
  2012 | D:2      | Learned a level 3 spell: Ozocubu's Armour
  2270 | D:2      | Found a snail-covered altar of Cheibriados.
  2283 | D:2      | Became a worshipper of Cheibriados the Contemplative
  2959 | D:2      | Reached skill level 1 in Conjurations
  3362 | D:3      | Reached XP level 5. HP: 18/35 MP: 0/8
  3520 | D:3      | Identified the +1 robe of Cynicism {Stlth+}
  4010 | D:3      | Reached * piety under Cheibriados
  4771 | D:4      | Found an ancient bone altar of Kikubaaqudgha.
  4777 | D:4      | Found an ornate altar of the Wu Jian Council.
  4778 | D:4      | Found a sacrificial altar of Ru.
  4778 | D:4      | Found a snail-covered altar of Cheibriados.
  4778 | D:4      | Found a shadowy altar of Dithmenos.
  4778 | D:4      | Found a sparkling altar of Nemelex Xobeh.
  4782 | D:4      | Found a basalt altar of Yredelemnul.
  4783 | D:4      | Found a stormy altar of Qazlal.
  4784 | D:4      | Found a hazy altar of Hepliaklqana.
  4902 | D:4      | Reached XP level 6. HP: 41/41 MP: 4/9
  5074 | D:4      | Noticed Duvessa
  5135 | D:4      | Noticed Dowan
  5303 | D:4      | Reached skill level 5 in Conjurations
  5635 | D:4      | Killed Duvessa
  5636 | D:4      | Reached XP level 7. HP: 15/46 MP: 1/12
  5640 | D:4      | Killed Dowan
  5890 | D:4      | Learned a level 4 spell: Hailstorm
  5975 | D:4      | Noticed Robin
  5978 | D:4      | Reached ** piety under Cheibriados
  5981 | D:4      | Killed Robin
  6687 | D:5      | Entered Level 5 of the Dungeon
  6707 | D:4      | Reached skill level 1 in Ranged Weapons
  7199 | D:5      | Reached *** piety under Cheibriados
  7200 | D:5      | Reached XP level 8. HP: 46/52 MP: 7/13
  7263 | D:5      | Reached skill level 5 in Ranged Weapons
  7595 | D:5      | Reached skill level 1 in Invocations
  8272 | D:6      | Found a staircase to the Ecumenical Temple.
  8279 | Temple   | Entered the Ecumenical Temple
  8766 | D:6      | Reached XP level 9. HP: 46/57 MP: 3/14
  9187 | D:7      | Reached skill level 5 in Invocations
  9190 | D:7      | Reached skill level 1 in Fighting
  9258 | D:7      | Reached skill level 2 in Fighting
  9312 | D:7      | Found a bloodstained altar of Trog.
  9338 | D:7      | Reached skill level 3 in Fighting
  9395 | D:7      | Found a glowing silver altar of Zin.
  9506 | D:7      | Reached skill level 4 in Fighting
  9581 | D:7      | Reached **** piety under Cheibriados
  9691 | D:7      | Reached skill level 5 in Fighting
  9877 | D:1      | Bought a +5 arbalest of flaming for 351 gold pieces
 10137 | D:7      | Identified the +1 pair of boots "Tym Qapp" {Str+7}
 10293 | D:7      | Reached skill level 6 in Fighting
 10585 | D:8      | Noticed a komodo dragon
 10627 | D:7      | Reached skill level 7 in Fighting
 10655 | D:8      | Killed a komodo dragon
 10656 | D:8      | Reached skill level 8 in Fighting
 11133 | D:8      | Found Otainen's Distillery.
 11141 | D:8      | Reached XP level 10. HP: 82/82 MP: 11/15
 11173 | D:7      | Reached skill level 9 in Fighting
 11633 | D:8      | Reached ***** piety under Cheibriados
 11644 | D:8      | Found a staircase to the Lair.
 11850 | D:8      | Reached skill level 10 in Fighting
 12214 | D:8      | Reached skill level 5 in Dodging
 12403 | D:8      | Bought a potion of heal wounds for 70 gold pieces
 12932 | D:9      | Reached XP level 11. HP: 92/92 MP: 8/16
 13070 | D:9      | Identified a scroll of acquirement
 13630 | D:8      | Bought a potion of mutation for 112 gold pieces
 13664 | D:10     | Entered Level 10 of the Dungeon
 13762 | Lair:1   | Entered Level 1 of the Lair of Beasts
 14262 | Lair:1   | Found a burning altar of Makhleb.
 14354 | Lair:1   | Reached skill level 10 in Invocations
 14398 | Lair:1   | Noticed an eight-headed hydra
 14408 | Lair:1   | Killed an eight-headed hydra
 14409 | Lair:1   | Reached skill level 11 in Fighting
 14608 | Lair:2   | Found a hole to the Spider Nest.
 14766 | Lair:2   | Identified the +0 robe of Misanthropy {Harm Dex+2}
 15235 | Lair:2   | Found a staircase to the Shoals.
 15318 | Lair:3   | Reached XP level 12. HP: 100/100 MP: 19/19
 15322 | Lair:3   | Reached skill level 1 in Evocations
 15456 | Lair:3   | Reached ****** piety under Cheibriados
 15558 | Lair:3   | Identified the +5 leather armour "Cipipor" {Slay+3 SInv
                  | Stlth+}
 15633 | Lair:3   | Reached skill level 10 in Ranged Weapons
 15808 | Lair:3   | Noticed a four-headed hydra
 15817 | Lair:3   | Killed a four-headed hydra
 15930 | Lair:3   | Noticed a six-headed hydra
 15936 | Lair:3   | Killed a six-headed hydra
 16511 | Lair:4   | Found a burning altar of Makhleb.
 16520 | Lair:4   | Found a frozen archway.
 16533 | IceCv    | Entered an ice cave
 16539 | IceCv    | Found a transporter.
 16650 | IceCv    | Found a transporter.
 16857 | Lair:4   | Gained mutation: You can hop long distances. [Barachi
                  | growth]
 16857 | Lair:4   | Reached XP level 13. HP: 106/106 MP: 20/20
 17115 | Lair:5   | Entered Level 5 of the Lair of Beasts
 17407 | Lair:5   | Reached skill level 12 in Fighting
 17557 | Lair:5   | Reached skill level 13 in Fighting
 17584 | Lair:5   | Identified the +3 scale mail "Akeph" {rPois Int+4 Stlth+}
 17852 | Lair:5   | Found a viscous altar of Jiyva.
 18240 | Lair:5   | Reached skill level 14 in Fighting
 18376 | Lair:5   | Identified the +6 scale mail "Ceiczaw" {-Cast Fly rElec
                  | Will++ Regen+}
 18895 | Lair:5   | Found a staircase to the Slime Pits.
 19077 | D:10     | Noticed decrepitue's ghost (journeyman TeAE)
 19077 | D:10     | Found a runed translucent gate.
 19077 | D:10     | Found a runed translucent gate.
 19077 | D:10     | Found a runed translucent gate.
 19287 | D:10     | Found a staircase to the Orcish Mines.
 19294 | D:10     | Reached XP level 14. HP: 120/120 MP: 21/21
 19346 | D:10     | Reached skill level 15 in Ranged Weapons
 19346 | D:10     | Reached XP level 15. HP: 126/126 MP: 22/22
 19347 | D:10     | Reached XP level 16. HP: 133/133 MP: 23/23
 19568 | D:10     | Found Hiantot's Book Emporium.
 20053 | D:11     | Noticed Urug
 20058 | D:11     | Killed Urug
 20268 | D:11     | Noticed caveywoolpert's ghost (journeyman HOBe)
 20271 | D:11     | Noticed a lich
 20336 | D:11     | Found a runed translucent door.
 20341 | D:11     | Found a runed translucent door.
 20989 | D:12     | Noticed Josephine
 21015 | D:12     | Killed Josephine
 21018 | D:12     | Noticed Sonja
 21019 | D:12     | Killed Sonja
 21103 | D:12     | Noticed Fannar
 21109 | D:12     | Killed Fannar
 21526 | D:12     | Got the Papyrus of Sepulchral Forms
 23202 | D:13     | Reached skill level 15 in Fighting
 23439 | D:13     | Learned a level 2 spell: Passwall
 23825 | D:14     | Found a gate to the Vaults.
 24348 | D:14     | Reached skill level 16 in Fighting
 25181 | D:14     | Reached skill level 1 in Armour
 25302 | D:15     | Entered Level 15 of the Dungeon
 25330 | D:15     | Reached XP level 17. HP: 146/146 MP: 24/24
 25337 | D:15     | Noticed Azrael
 25339 | D:15     | Killed Azrael
 25393 | D:15     | Reached skill level 5 in Armour
 25446 | D:15     | Found a staircase to the Depths.
 25836 | D:15     | Learned a level 1 spell: Apportation
 25836 | D:15     | Acquired 711 gold pieces
 25837 | D:15     | Acquired the amulet of Otwev {Reflect +Blink rC+ Will+
                  | SH+5}
 26290 | D:15     | Found a sparkling altar of Nemelex Xobeh.
 26539 | D:15     | Found a sparkling altar of Nemelex Xobeh.
 26644 | D:15     | Found a staircase to the Depths.
 27073 | Orc:1    | Entered Level 1 of the Orcish Mines
 27253 | Orc:1    | Noticed Gastronok
 27258 | Orc:1    | Killed Gastronok
 27259 | Orc:1    | Reached skill level 17 in Fighting
 27645 | Orc:2    | Entered Level 2 of the Orcish Mines
 29213 | Orc:2    | Reached skill level 18 in Fighting
 29439 | Orc:2    | Found Kyoteel's Assorted Antiques.
 29439 | Orc:2    | Found Vamuinn's Assorted Antiques.
 29459 | Orc:2    | Found a staircase to the Elven Halls.
 30209 | Orc:2    | Found Puciag's Antique Weapon Shop.
 30209 | Orc:2    | Found Esuil's Jewellery Shoppe.
 31402 | Spider:1 | Entered Level 1 of the Spider Nest
 32120 | Spider:1 | Reached skill level 19 in Fighting
 32313 | Spider:1 | Reached skill level 10 in Dodging
 32463 | Spider:1 | Identified the +8 chain mail of an ossuary {Rampage rElec
                  | rC- rCorr}
 32768 | Spider:2 | Noticed Jorgrun
 32772 | Spider:2 | Killed Jorgrun
 32773 | Spider:2 | Reached skill level 5 in Evocations
 33216 | Spider:2 | You are sucked into a shaft and drop 1 floor!
 34804 | Spider:2 | Reached XP level 18. HP: 160/160 MP: 25/25
 37217 | Spider:3 | Reached skill level 10 in Evocations
 38477 | Spider:4 | Entered Level 4 of the Spider Nest
 38937 | Spider:4 | Noticed Arachne
 38947 | Spider:4 | Killed Arachne
 39782 | Spider:4 | Reached skill level 1 in Transmutations
 39786 | Spider:4 | Reached skill level 1 in Poison Magic
 40536 | Spider:4 | Learned a level 5 spell: Alistair's Intoxication
 40933 | Spider:4 | Found the +3 pair of seven-league boots {Rampage+∞}
 41469 | Spider:4 | Reached skill level 5 in Transmutations
 42735 | Spider:4 | Reached skill level 5 in Poison Magic
 43586 | Spider:4 | Got a gossamer rune of Zot
 44966 | Orc:2    | Bought a scroll of acquirement for 1404 gold pieces
 44966 | Orc:2    | Bought a red potion for 24 gold pieces
 44969 | Orc:2    | Acquired a +0 hat of willpower
 45434 | Shoals:1 | Entered Level 1 of the Shoals
 45585 | Shoals:1 | Reached XP level 19. HP: 166/166 MP: 28/28
 49382 | Shoals:1 | Reached skill level 20 in Fighting
 51156 | Shoals:2 | Noticed Nikola
 51162 | Shoals:2 | Killed Nikola
 53967 | Shoals:3 | Reached skill level 21 in Fighting
 57349 | Shoals:3 | Found Pekaotan's Assorted Antiques.
 57604 | Shoals:4 | Entered Level 4 of the Shoals
 59360 | Shoals:4 | Identified the +1 robe of Entitlement {Contam Rampage rC+
                  | Will+}
 59614 | Shoals:4 | Reached skill level 22 in Fighting
 61538 | Shoals:4 | Reached XP level 20. HP: 182/182 MP: 29/29
 62324 | Shoals:4 | Got a barnacled rune of Zot
 63682 | Elf:1    | Entered Level 1 of the Elven Halls
 63692 | Orc:2    | Reached skill level 1 in Hexes
 63708 | Orc:2    | Learned a level 5 spell: Yara's Violent Unravelling
 64192 | Elf:1    | Got the Incunable of Production
 64686 | Elf:1    | Reached skill level 5 in Hexes
 65197 | Elf:1    | Noticed Agnes
 65200 | Elf:1    | Killed Agnes
 65815 | Elf:2    | Found a runed translucent gate.
 65816 | Elf:2    | Found a runed translucent gate.
 65819 | Elf:2    | Found a runed translucent gate.
 65830 | Elf:2    | Reached skill level 23 in Fighting
 65846 | Elf:2    | Found Bokkyi's Magic Scroll Emporium.
 65846 | Elf:2    | Found Meg Miad's Antique Weapon Shoppe.
 67223 | Elf:2    | Reached skill level 24 in Fighting
 67293 | Elf:2    | Reached skill level 1 in Translocations
 67386 | Elf:3    | Entered Level 3 of the Elven Halls
 67461 | Elf:3    | Noticed Aizul
 67467 | Elf:3    | Killed Aizul
 68418 | Elf:3    | Identified the +3 war axe "Puetidd" {vorpal, *Noise rPois
                  | Dex+6 Stlth+}
 68440 | Elf:3    | Reached skill level 5 in Translocations
 68498 | Elf:3    | Identified the amulet "Hadoam" {RegenMP Str+5}
 68766 | Elf:3    | Identified the +8 war axe "Xotairghu" {flame, Str+5 Dex+4}
 68769 | Elf:3    | Reached XP level 21. HP: 147/195 MP: 30/30
 70009 | Elf:3    | Identified the ring of Cerphoin {+Blink EV+4 Int-2 Dex+5}
 70329 | Elf:3    | Identified the +6 rapier of the Special Xeniums {vorpal,
                  | rC+ rN+}
 71175 | Elf:3    | Got the Codex of the Union
 71180 | Elf:3    | Identified the +2 cloak of Nimp {Regen+}
 71255 | Elf:3    | Got the Grimoire of the Blaze and Moulding
 71272 | Elf:3    | Learned a level 6 spell: Dispersal
 71619 | Vaults:1 | Entered Level 1 of the Vaults
 71816 | Vaults:1 | Reached skill level 5 in Spellcasting
 72110 | Vaults:1 | Reached skill level 10 in Translocations
 72913 | Vaults:1 | Reached skill level 1 in Air Magic
 73860 | Vaults:1 | Learned a level 5 spell: Freezing Cloud
 76851 | Vaults:2 | Reached skill level 5 in Air Magic
 78022 | Vaults:2 | Reached XP level 22. HP: 194/202 MP: 34/34
 78134 | Vaults:2 | Found Kifrol's Distillery.
 78326 | Vaults:3 | Found the +5 scythe "Finisher" {speed, eviscerate}
 78437 | Vaults:3 | Found a staircase to the Crypt.
 78460 | Vaults:3 | Noticed Donald
 78462 | Vaults:3 | Killed Donald
 79976 | Vaults:3 | Noticed Saint Roka
 80279 | Vaults:3 | Killed Saint Roka
 80301 | Vaults:3 | Identified the +4 ring mail of Plasticity {rElec Dex+4}
 80378 | Vaults:3 | Reached skill level 10 in Spellcasting
 80800 | Vaults:4 | Found the +3 warlock's mirror {reflect}
 82433 | Depths:1 | Entered Level 1 of the Depths
 82468 | Depths:1 | Found a one-way gate to the infinite horrors of the Abyss.
 82578 | Depths:1 | Reached skill level 25 in Fighting
 82929 | Depths:1 | Reached XP level 23. HP: 213/213 MP: 37/37
 83110 | Depths:1 | Found a gateway to Hell.
 83128 | Depths:1 | Learned a level 4 spell: Passage of Golubria
 83134 | Depths:1 | Learned a level 5 spell: Silence
 83138 | Depths:1 | Identified the +5 scale mail "Eroqim" {Int+3}
 83631 | Depths:1 | Found a white marble altar of Elyvilon.
 84191 | D:10     | Killed decrepitue's ghost
 84196 | D:10     | Identified the +7 broad axe "Koefoq" {vorpal, Int+4}
 84277 | D:11     | Killed caveywoolpert's ghost
 84691 | Depths:2 | Found a one-way gate leading to the halls of Pandemonium.
 84771 | Depths:2 | Found a flickering gateway to a bazaar.
 84819 | Bazaar   | Entered a bazaar
 84840 | Bazaar   | Found Quham's Book Shoppe.
 84840 | Bazaar   | Found Yclueha's Jewellery Emporium.
 84862 | Bazaar   | Found Lejo's Jewellery Shoppe.
 84862 | Bazaar   | Found Koawar's Armour Emporium.
 84884 | Bazaar   | Found Weafiq's Magic Scroll Shoppe.
 84884 | Bazaar   | Found Ryegromp's Assorted Antiques.
 85010 | Bazaar   | Bought a sparkling platinum ring for 145 gold pieces
 85010 | Bazaar   | Identified the ring of Ryepp {Fly rElec rC+ SInv} (You
                  | bought it in a shop in a bazaar)
 85036 | Bazaar   | Bought a ring of resist corrosion for 300 gold pieces
 85050 | Bazaar   | Bought a +2 robe of resistance for 452 gold pieces
 85056 | Bazaar   | Bought a ring of poison resistance for 220 gold pieces
 85072 | Bazaar   | Bought the ring of Serraci {Dex+6 Slay+5} for 960 gold
                  | pieces
 85088 | Bazaar   | Bought the necklace of Bloodlust {*Rage Will++ Int-3
                  | Slay+6} for 498 gold pieces
 85088 | Bazaar   | Found the necklace of Bloodlust {*Rage Will++ Int-3 Slay+6}
 85102 | Bazaar   | Bought a scroll of fear for 48 gold pieces
 85102 | Bazaar   | Bought a scroll of teleportation for 36 gold pieces
 85102 | Bazaar   | Bought a scroll of blinking for 90 gold pieces
 85108 | Bazaar   | Bought a potion of curing for 87 gold pieces
 85108 | Bazaar   | Bought 2 potions of mutation for 464 gold pieces
 85108 | Bazaar   | Bought 2 potions of curing for 174 gold pieces
 85134 | Bazaar   | Bought the Encyclopedia of Topological Evolution for 300
                  | gold pieces
 85444 | Depths:2 | Noticed a caustic shrike
 85446 | Depths:2 | Killed a caustic shrike
 85520 | Depths:2 | Noticed a golden dragon
 85577 | Depths:2 | Killed a golden dragon
 86228 | Depths:2 | Found a shadowy altar of Dithmenos.
 86632 | Depths:1 | Identified the +2 quarterstaff of the Modern Mystics
                  | {flame, *Slow Int+5}
 87054 | Depths:3 | Noticed Louise
 87056 | Depths:3 | Killed Louise
 87148 | Depths:3 | Noticed Vv
 87177 | Depths:3 | Killed from afar by Vv

Illustrated notes

Levels and vault maps discovered:
D:1:      dpeg_arrival_renting, layout_basic, serial_shops, shop
D:2:      layout_loops_corners, basic_altar, serial_undead, serial_undead_d,
          serial_undead_e, serial_undead_c, serial_undead_b, uniq_terence
D:3:      layout_basic
D:4:      layout_gridville, minitemple, uniq_robin, uniq_duvessa
D:5:      layout_cave_pools
D:6:      layout_rooms, minmay_temple_entry_drinking_statues,
          eino_small_chamber_without_monster, hangedman_decor_opposing
D:7:      layout_basic, nicolae_overflow_squiral, grunt_ministairs_14
D:8:      layout_rooms, grunt_lair_entry_orc_guard_hut, serial_shops, shop,
          minmay_increasing_density
D:9:      layout_loops_ring
D:10:     layout_irregular_city, david_orc_5, gammafunk_ghost_hydra_chop,
          serial_shops, nicolae_shop_statue_plus
D:11:     layout_irregular_city, muffindrake_ghost_dual_entry, uniq_urug
D:12:     kennysheep_six_static_rooms, layout_rooms, uniq_sonja, uniq_fannar,
          uniq_josephine
D:13:     layout_roguey [special_room_bee]
D:14:     regret_index_combs_of_tragedy, layout_rooms,
          skrybe_vaults_entry_preservation, roderic_lattice_a
D:15:     hangedman_depths_entry_civil_slaughter, layout_irregular_city,
          nrook_mini_backslash, nemelex_spade_bored_becter, uniq_azrael
Temple:   grunt_temple_mini_profane
Lair:1:   layout_misc_corridors, lemuel_centaur_altar
Lair:2:   layout_misc_corridors, elwin_shoals_entry_rooms,
          spider_nest_entry_webs, infiniplex_staircase_pool_2
Lair:3:   layout_loops_ring, nicolae_lair_liquid_snakes, grunt_megastairs_4
Lair:4:   layout_long_grid, portal_ice_cave_entry_pillars_2, basic_altar,
          nicolae_lair_run_with_the_wolves
Lair:5:   minmay_lair_end_enchanted_forest, layout_hall_layers,
          minmay_slime_entry_oklob_enclosed, minmay_lair_oklob_bushes
Shoals:1: layout_shoals
Shoals:2: layout_shoals, uniq_nikola
Shoals:3: layout_shoals, serial_shops, nicolae_shop_trees, yaktaur_hedge
Shoals:4: shoals_end_hellmonk_lost_city
Spider:1: layout_cave_pods, spiders_nest_spider_trap
Spider:2: nicolae_spider_hall_of_the_moth_king,
          nicolae_spider_twisty_arc_passages, uniq_jorgrun
Spider:3: layout_chambers, hangedman_spider_tarantella_strand
Spider:4: johnstein_spider_rune_arachne_lair
Orc:1:    layout_caves, special_room [special_room_kobold], uniq_gastronok
Orc:2:    st_orc_town, layout_diamond_mine, basic_altar, mines1_david
Elf:1:    minmay_elf_arrival_plus, layout_geoelf_grid, minmay_elf_demonology,
          uniq_agnes
Elf:2:    nicolae_elf_blades_crystal_corner, layout_gridlike, st_stairs_1,
          minmay_shoptagon
Elf:3:    minmay_elf_hall_not_hex, layout_geoelf_octagon, minivault_11,
          uniq_aizul
Vaults:1: vaults_room_grunt_arrival_ludios, nicolae_vaults_alarming,
          hangedman_vaults_capsules, nicolae_vaults_border_crossing,
          nicolae_vaults_mini_display_case, ontoclasm_vaults_shuriken,
          layout_vaults_omnigrid
Vaults:2: nicolae_vaults_stairing_the_circle, v_rooms_4,
          nicolae_vaults_network_star, v_misc_2, v_rooms_3, vaults_room_pools,
          vaults_dpeg_doors, kb_rosetta, nicolae_vaults_triangles,
          vaults_room_semicircle, nicolae_vaults_gold_heap,
          layout_vaults_maze_snakey, serial_shops, shop
Vaults:3: hangedman_vaults_variations, minmay_crypt_entry_simple_statues,
          vaults_mumra_hexcomb, v_pattern_1, ontoclasm_vaults_pinch,
          ontoclasm_vaults_shout, hangedman_vaults_pinch,
          hangedman_vaults_stream, vaults_mumra_chevron, v_misc_30,
          vaults_room_hallway, ontoclasm_vaults_ligature,
          layout_vaults_big_cross, uniq_saint_roka, uniq_donald
Vaults:4: v_pattern_4, grunt_vaults_diagonal, nicolae_vaults_network_quinsquares
          [nicolae_vaults_network_quincunx_subvault,
          nicolae_vaults_network_quincunx_subvault,
          nicolae_vaults_network_quincunx_subvault,
          nicolae_vaults_network_quincunx_subvault], vaults_dpeg_encased_lava,
          v_misc_4, nicolae_vaults_asterisk, ontoclasm_vaults_misaligned,
          layout_vaults_chaotic_city
Depths:1: minmay_big_diamond_grid, layout_cave_pools, elyvilon_altar_3,
          abyss_entry_crystal, hell_entry, kennysheep_generic_room_9,
          firewood_loft
Depths:2: nzn_winding_woodlands_medium [nzn_winding_woodlands_5x5_open_star,
          nzn_winding_woodlands_5x15_default,
          nzn_winding_woodlands_5x5_checkerboard,
          nzn_winding_woodlands_5x5_three,
          nzn_winding_woodlands_center_triple_pond,
          nzn_winding_woodlands_hourglass, nzn_winding_woodlands_5x5_cross,
          nzn_winding_woodlands_5x15_river_crossing,
          nzn_winding_woodlands_5x5_closed_star], layout_small_grid, hell_entry,
          pan_entry, serial_shops, bzr_entry_lakeside,
          infiniplex_staircase_zigzag_3, grunt_dithmenos_smoke_and_mirrors
Depths:3: evilmike_marble_ring, layout_gridville, enter_ziggurat_e,
          grunt_mini_vestibule, nicolae_abyss_entry_one_way_or_another,
          serial_glass, glass_columns_c, glass_columns_a, glass_columns_a,
          glass_columns_b, glass_columns_b, glass_columns_b,
          minmay_staircase_windowed_large, uniq_xtahua, uniq_vv

Skill      XL: |  1  2  3  4  5  6  7  8  9 10 11 12 13 14 15 16 17 18 19 20 21 22 23 |
---------------+----------------------------------------------------------------------+-----
Ice Magic      | 5 6 7 8 |  8.0
Conjurations   | 2 4 5 6 7 |  7.0
Spellcasting   | 3 8 10 | 10.0
Ranged Weapons | 4 6 8 12 14 15 16 18 21 | 21.1
Invocations    | 4 5 7 10 12 | 12.0
Fighting       | 8 10 11 14 16 19 22 24 25 | 25.0
Dodging        | 3 6 9 10 12 13 | 13.2
Evocations     | 2 4 7 10 | 10.0
Stealth        | 3 4 |  4.0
Armour         | 1 7 |  7.5
Transmutations | 6 7 8 |  8.0
Poison Magic   | 6 |  6.3
Hexes          | 6 7 |  7.0
Translocations | 7 11 | 11.0
Air Magic      | 6 8 |  8.0

Action                   |  1- 3 |  4- 6 |  7- 9 | 10-12 | 13-15 | 16-18 | 19-21 | 22-24 || total
-------------------------+-------+-------+-------+-------+-------+-------+-------+-------++-------
Melee: Unarmed           |    64 |     2 |       |       |       |       |       |       ||    66
       Flail             |       |     6 |       |       |       |       |       |       ||     6
       Sling             |       |     1 |       |       |       |       |       |       ||     1
       Punch             |       |     1 |       |       |       |       |       |       ||     1
       Morningstar       |       |       |    41 |       |       |       |       |       ||    41
 Fire: Sling             |       |   101 |    98 |       |       |       |       |       ||   199
       Shortbow          |       |       |    41 |       |       |       |       |       ||    41
       Arbalest          |       |       |    38 |   285 |   193 |  1104 |  1023 |   575 ||  3218
 Cast: Freeze            |    46 |    33 |    21 |    16 |       |       |       |       ||   116
       Frozen Ramparts   |     1 |    18 |    28 |    14 |     2 |     8 |     1 |       ||    72
       Ozocubu's Armour  |       |     4 |    15 |    34 |     9 |    28 |    38 |     9 ||   137
       Hailstorm         |       |       |    19 |    11 |     1 |     2 |     1 |       ||    34
       Alistair's Intoxi |       |       |       |       |       |       |     3 |       ||     3
       Yara's Violent Un |       |       |       |       |       |       |     6 |     7 ||    13
       Dispersal         |       |       |       |       |       |       |     6 |     2 ||     8
       Freezing Cloud    |       |       |       |       |       |       |     1 |    10 ||    11
       Passage of Golubr |       |       |       |       |       |       |       |     2 ||     2
Invok: Bend Time         |       |       |     1 |       |       |       |       |       ||     1
       Slouch            |       |       |       |       |       |     2 |     2 |     4 ||     8
       Step From Time    |       |       |       |       |       |     1 |     2 |       ||     3
 Abil: Hop               |     2 |     2 |     2 |     7 |     3 |    22 |    19 |    13 ||    70
       Evoke Blink       |       |       |       |       |       |       |     1 |       ||     1
Evoke: Wand              |       |       |       |       |       |       |       |     4 ||     4
  Use: Potion            |       |       |     1 |       |     2 |       |     5 |     2 ||    10
       Scroll            |       |       |       |    24 |     5 |    13 |     2 |     1 ||    45
 Stab: Sleeping          |       |       |     1 |       |       |       |       |       ||     1
Armor: Robe              |    18 |    14 |    66 |    24 |    13 |    51 |    41 |    11 ||   238
       Steam dragon scal |       |       |       |    34 |       |       |       |       ||    34
       Leather armour    |       |       |       |    16 |       |       |       |       ||    16
       Gold dragon scale |       |       |       |       |       |       |     2 |       ||     2
Dodge: Dodged            |    71 |    35 |   109 |   153 |    44 |   274 |   338 |   159 ||  1183
Block: Other             |       |       |       |       |       |    31 |    63 |    29 ||   123
       Reflection        |       |       |       |       |       |     5 |    15 |     4 ||    24
